 Dungeon Crawl Stone Soup version 0.24.0-123-gd5b16e6ec5 (webtiles) character file.

Game seed: 3156024670063572794, levelgen mode: deterministic

184 PentaManta the Vexing (level 5, -2/35 HPs)
             Began as a Vampire Enchanter on Dec 30, 2019.
             Slain by Grinder (7 damage)
             ... on level 3 of the Dungeon.
             The game lasted 00:05:54 (1833 turns).

PentaManta the Vexing (Vampire Enchanter)           Turns: 1833, Time: 00:05:55

Health: -2/35      AC:  5    Str:  7    XL:     5   Next: 36%
Magic:  4/10       EV: 13    Int: 18    God:
Gold:   128        SH:  0    Dex: 15    Spells: 1/10 levels left

rFire    . . .     SeeInvis +   b - +1 short sword (venom)
rCold    . . .     Gourm    .   (no shield)
rNeg     . . .     Faith    .   c - +1 leather armour
rPois    .         Spirit   .   (no helmet)
rElec    .         Reflect  .   (no cloak)
rCorr    .         Harm     .   l - +0 pair of gloves
MR       .....                  (no boots)
Stlth    +++.......             (no amulet)
HPRegen  0.31/turn              (no ring)
MPRegen  0.12/turn              (no ring)

@: regenerating quickly
A: no food, fangs 3, see invisible, unbreathing
a: Exsanguinate


You were on level 3 of the Dungeon.
You were alive.

You visited 1 branch of the dungeon, and saw 3 of its levels.

You collected 128 gold pieces.

Inventory:

Hand Weapons
 a - a +1 dagger
 b - a +1 short sword of venom (weapon)
Missiles
 e - 18 poisoned darts (quivered)
Armour
 c - a +1 leather armour (worn)
 g - a +0 ring mail
 l - a +0 pair of gloves (worn)
Wands
 f - a wand of random effects (11)
Scrolls
 d - a scroll of identify
 h - a scroll of remove curse
Potions
 i - a potion of flight
 j - a potion of curing
 k - a potion of brilliance {unknown}
 m - a potion of haste


   Skills:
 - Level 1.1 Short Blades
 + Level 3.2 Dodging
 + Level 5.5 Stealth
 * Level 3.3 Spellcasting
 * Level 6.2 Hexes


You had one spell level left.
You knew the following spells:

 Your Spells              Type           Power        Failure   Level  Hunger
a - Corona                Hex            ####...      1%          1    N/A
b - Ensorcelled Hibernat  Hex/Ice        ##....       10%         2    N/A
c - Confuse               Hex            ####....     5%          3    N/A
d - Tukima's Dance        Hex            ####....     5%          3    N/A

Your spell library contained the following spells:

 Spells                   Type           Power        Failure   Level  Hunger
 Dazzling Spray           Conj/Hex       ##....       21%         3    N/A

Dungeon Overview and Level Annotations

Branches:
Dungeon (3/15)

Altars:

Annotations:
D:3 Grinder


Innate Abilities, Weirdness & Mutations

You do not eat.
Your natural rate of healing is unusually fast.
You have razor-sharp teeth.
You have supernaturally acute eyesight. (SInv)
You can survive without breathing.


Message History

* * * LOW HITPOINT WARNING * * *
Casting: Corona (safe; 1% risk of failure)
Confirm with . or Enter, or press ? or * to list all spells.
You can't see any susceptible monsters within range! (Use Z to cast anyway.)
There isn't anything here!
Casting: Corona (safe; 1% risk of failure)
Confirm with . or Enter, or press ? or * to list all spells.
Aiming: Confuse (safe; 5% risk of failure)
Press: ? - help, Shift-Dir - straight line, f - Grinder
Aim: Grinder (severely wounded, poisoned, chance to defeat MR: 54%) Grinder resists with significant effort.
Grinder gestures at you. You resist with significant effort.
Casting: Confuse (safe; 5% risk of failure)
Confirm with . or Enter, or press ? or * to list all spells.
Aiming: Confuse (safe; 5% risk of failure)
Press: ? - help, Shift-Dir - straight line, f/p - Grinder
Aim: Grinder (severely wounded, poisoned, chance to defeat MR: 54%) Grinder appears confused.
Grinder hits you!
You die...

####### ##### #......
#...# #...... #...#
###...... ### #..$#
#........ ..#
#...########.#...... ..
+..$'...(.....>#'###
#.###.)@##.#########.##.
#..##..5##.# #.##.
###.#######(# #....
#....# #.# ##### #.#..#
#.# #########.#..# #.#
### ....§§§..§##.## #.#
#.. ##(.§#######..# #.#
#.# #...#........## #.#
#.#


You could see Grinder (confused).

Vanquished Creatures
  A centaur skeleton (D:2)
  Jessica (D:2)
  Ijyb (D:3)
  2 adders
  3 oozes
  2 worms (D:2)
  4 dart slugs
  A leopard gecko (D:1)
  An orc (D:3)
  8 bats
  2 giant cockroaches
  7 goblins (D:1)
  8 hobgoblins
  5 jackals
  6 kobolds
  A ball python (D:2)
  2 frilled lizards
  A leopard gecko skeleton (D:2)
  4 rats
60 creatures vanquished.

Notes
Turn   | Place    | Note
-------+----------+-------------------------------------------
     0 | D:1      | PentaManta the Vampire Enchanter began the quest for the
                  | Orb.
     0 | D:1      | Reached XP level 1. HP: 13/13 MP: 3/3
   119 | D:1      | Reached XP level 2. HP: 19/19 MP: 5/5
   133 | D:1      | Learned a level 2 spell: Ensorcelled Hibernation
   426 | D:1      | Reached skill level 5 in Hexes
   441 | D:1      | Reached XP level 3. HP: 16/24 MP: 6/6
   506 | D:1      | Learned a level 3 spell: Confuse
   848 | D:2      | Reached skill level 5 in Stealth
  1200 | D:2      | Reached XP level 4. HP: 14/30 MP: 8/8
  1489 | D:2      | Noticed Jessica
  1497 | D:2      | Killed Jessica
  1497 | D:2      | Reached skill level 6 in Hexes
  1497 | D:2      | Reached XP level 5. HP: 20/35 MP: 9/9
  1712 | D:3      | Noticed Ijyb
  1721 | D:3      | Killed Ijyb
  1824 | D:3      | Learned a level 3 spell: Tukima's Dance
  1824 | D:3      | Noticed Grinder
  1833 | D:3      | Slain by Grinder

Levels and vault maps discovered:
D:1:      roderic_chinese_lattice_arrival, layout_loops_ring,
          minmay_misc_feat_hallway, grunt_decor_fettered
D:2:      layout_basic, uniq_jessica
D:3:      layout_basic, lemuel_crystal_altar, uniq_grinder, uniq_ijyb

Skill      XL: |  1  2  3  4 |
---------------+-------------+-----
Hexes          | 5 6 |  6.2
Stealth        | 5 |  5.5
Spellcasting   | 3 |  3.3
Dodging        | 3 |  3.2
Short Blades   | |  1.1

Action                   |  1- 3 |  4- 6 || total
-------------------------+-------+-------++-------
Melee: Dagger            |    17 |       ||    17
       Bite              |     7 |     4 ||    11
       Short sword       |    94 |    57 ||   151
 Cast: Corona            |     2 |       ||     2
       Ensorcelled Hiber |     1 |       ||     1
       Confuse           |       |     2 ||     2
  Use: Scroll            |     5 |     5 ||    10
 Stab: Sleeping          |     7 |     3 ||    10
Armor: Leather armour    |    21 |    10 ||    31
Dodge: Dodged            |    63 |    32 ||    95
